TOP OF THE 1ST |
Brooklyn Cyclones batting - Pitching for Cincinnati (NYP) Reds : LHP Davy Thorne
|
Pitching: LHP Davy Thorne
|
|
Batting: SHB Callum Lynch
|
0-0: Bunt missed! 0-1: Ball 1-1: Foul Ball, location: 2F 1-2: Strikes out swinging
|
Batting: RHB Pete Orban
|
0-0: Foul Ball, location: 2F 0-1: Swinging Strike 0-2: Ball 1-2: Strikes out looking
|
Batting: RHB Omar Novoa
|
0-0: Ball 1-0: Ball 2-0: Ball 3-0: Called Strike 3-1: Ground out 4-3 (Groundball, 4M, EV 96.2 MPH)
|
Top of the 1st over - 0 runs, 0 hits, 0 errors, 0 left on base; Brooklyn 0 - Cincinnati (NYP) 0 |
BOTTOM OF THE 1ST |
Cincinnati (NYP) Reds batting - Pitching for Brooklyn Cyclones : RHP Andy Carrell
|
Pitching: RHP Andy Carrell
|
|
Batting: RHB Cyd Carver
|
0-0: Ball 1-0: Ball 2-0: Called Strike 2-1: Ball 3-1: Called Strike 3-2: Foul Ball, location: 2F 3-2: Strikes out looking
|
Batting: LHB Jamie Spangenberg
|
0-0: Ball 1-0: Foul Ball, location: 2F 1-1: Foul Ball, location: 2F 1-2: Strikes out swinging
|
Batting: LHB Matt Kennedy
|
0-0: Ball 1-0: Called Strike 1-1: Foul Ball, location: 2F 1-2: Ball 2-2: Foul Ball, location: 2F 2-2: Foul Ball, location: 2F 2-2: Ball 3-2: Foul Ball, location: 2F 3-2: Strikes out swinging
|
Bottom of the 1st over - 0 runs, 0 hits, 0 errors, 0 left on base; Brooklyn 0 - Cincinnati (NYP) 0 |
TOP OF THE 2ND |
Brooklyn Cyclones batting - Pitching for Cincinnati (NYP) Reds : LHP Davy Thorne
|
Batting: RHB Matt Tittle
|
0-0: Called Strike 0-1: Swinging Strike 0-2: Strikes out swinging
|
Batting: RHB Chris Pynn
|
0-0: Ball 1-0: DOUBLE (Line Drive, 89XD, EV 101.2 MPH)
|
Batting: RHB Tom Primmer
|
0-0: Foul Ball, location: 2F 0-1: Ground out 6-3 (Groundball, 6, EV 75.6 MPH)
|
Batting: RHB Roberto Delgado
|
0-0: Foul Ball, location: 2F 0-1: Ball 1-1: DOUBLE (Line Drive, 7LM, EV 106.2 MPH) Chris Pynn scores
|
Batting: RHB Andy Carrell
|
0-0: Ball 1-0: Ground out 5-3 (Groundball, 56S, EV 86.2 MPH)
|
Top of the 2nd over - 1 run, 2 hits, 0 errors, 1 left on base; Brooklyn 1 - Cincinnati (NYP) 0 |
BOTTOM OF THE 2ND |
Cincinnati (NYP) Reds batting - Pitching for Brooklyn Cyclones : RHP Andy Carrell
|
Batting: LHB Leo Gomez
|
0-0: Reached on error, E1 (Groundball, 13S, EV 68.1 MPH)
|
Batting: RHB Sang-ton Pak
|
0-0: Ball 1-0: Called Strike 1-1: Ball 2-1: Foul Ball, location: 2F 2-2: Ball 3-2: Base on Balls
|
Batting: SHB Jaivata Mohanty
|
0-0: Called Strike 0-1: Called Strike 0-2: Ball 1-2: Ball 2-2: Foul Ball, location: 2F 2-2: Foul Ball, location: 2F 2-2: SINGLE (Line Drive, 5D, EV 95.6 MPH) Leo Gomez to third Sang-ton Pak to second
|
Batting: RHB Ben Hinman
|
0-0: Swinging Strike 0-1: Ball 1-1: Ball 2-1: Foul Ball, location: 2F 2-2: Fly out, F8 (Flyball, 8LXD, EV 104.4 MPH) Runner from 3rd tags up, SCORES, no throw by CF
|
Batting: RHB Tim Walter
|
0-0: Ball 1-0: Ball 2-0: Fly out, F7 (Flyball, 7S, EV 92.5 MPH)
|
Batting: RHB John Hopkins
|
0-0: Ball 1-0: Ball 2-0: Called Strike 2-1: Ball 3-1: Called Strike 3-2: Fly out, F8 (Flyball, 8RD, EV 95.6 MPH)
|
Bottom of the 2nd over - 1 run, 1 hit, 1 error, 2 left on base; Brooklyn 1 - Cincinnati (NYP) 1 |
TOP OF THE 3RD |
Brooklyn Cyclones batting - Pitching for Cincinnati (NYP) Reds : LHP Davy Thorne
|
Batting: SHB Duri Chilemba
|
0-0: Called Strike 0-1: Ball 1-1: Ground out 6-3 (Groundball, 56, EV 88.8 MPH)
|
Batting: SHB Callum Lynch
|
0-0: Called Strike 0-1: Ball 1-1: Ball 2-1: Ball 3-1: Bunt for hit to 2L - play at first, batter safe!
|
Batting: RHB Pete Orban
|
0-0: Ball 1-0: Foul Ball, location: 2F 1-1: Called Strike 1-2: Strikes out swinging
|
Batting: RHB Omar Novoa
|
0-0: Called Strike 0-1: Called Strike 0-2: Foul Ball, location: 2F 0-2: Ball 1-2: Strikes out looking
|
Top of the 3rd over - 0 runs, 1 hit, 0 errors, 1 left on base; Brooklyn 1 - Cincinnati (NYP) 1 |
BOTTOM OF THE 3RD |
Cincinnati (NYP) Reds batting - Pitching for Brooklyn Cyclones : RHP Andy Carrell
|
Batting: RHB Cyd Carver
|
0-0: Ball 1-0: Fly out, F8 (Flyball, 8LD, EV 88.1 MPH)
|
Batting: LHB Jamie Spangenberg
|
0-0: Ball 1-0: Called Strike 1-1: Ball 2-1: Ball 3-1: Base on Balls
|
Batting: LHB Matt Kennedy
|
0-0: Ball 1-0: Ball 2-0: Foul Ball, location: 2F 2-1: Called Strike 2-2: Ball 3-2: Base on Balls Jamie Spangenberg to second
|
Batting: LHB Leo Gomez
|
0-0: Swinging Strike 0-1: Foul Ball, location: 2F 0-2: Fly out, F8 (Flyball, 8LM, EV 90.6 MPH)
|
Batting: RHB Sang-ton Pak
|
0-0: Ball 1-0: Foul Ball, location: 2F 1-1: Fly out, F9 (Line Drive, 89M, EV 88.1 MPH)
|
Bottom of the 3rd over - 0 runs, 0 hits, 0 errors, 2 left on base; Brooklyn 1 - Cincinnati (NYP) 1 |
TOP OF THE 4TH |
Brooklyn Cyclones batting - Pitching for Cincinnati (NYP) Reds : LHP Davy Thorne
|
Batting: RHB Matt Tittle
|
0-0: Called Strike 0-1: Ball 1-1: Foul Ball, location: 2F 1-2: Ball 2-2: Foul Ball, location: 2F 2-2: Strikes out swinging
|
Batting: RHB Chris Pynn
|
0-0: Called Strike 0-1: Ball 1-1: Ball 2-1: Called Strike 2-2: Strikes out looking
|
Batting: RHB Tom Primmer
|
0-0: Foul Ball, location: 2F 0-1: Ball 1-1: Swinging Strike 1-2: Strikes out looking
|
Top of the 4th over - 0 runs, 0 hits, 0 errors, 0 left on base; Brooklyn 1 - Cincinnati (NYP) 1 |
BOTTOM OF THE 4TH |
Cincinnati (NYP) Reds batting - Pitching for Brooklyn Cyclones : RHP Andy Carrell
|
Batting: SHB Jaivata Mohanty
|
0-0: Called Strike 0-1: Ball 1-1: Ball 2-1: Fly out, F8 (Flyball, 78D, EV 87.5 MPH)
|
Batting: RHB Ben Hinman
|
0-0: Called Strike 0-1: Ball 1-1: Ball 2-1: Foul Ball, location: 2F 2-2: Strikes out swinging
|
Batting: RHB Tim Walter
|
0-0: Ball 1-0: Called Strike 1-1: Swinging Strike 1-2: Strikes out looking
|
Bottom of the 4th over - 0 runs, 0 hits, 0 errors, 0 left on base; Brooklyn 1 - Cincinnati (NYP) 1 |
TOP OF THE 5TH |
Brooklyn Cyclones batting - Pitching for Cincinnati (NYP) Reds : LHP Davy Thorne
|
Batting: RHB Roberto Delgado
|
0-0: Called Strike 0-1: Ball 1-1: Foul Ball, location: 2F 1-2: Foul Ball, location: 2F 1-2: Strikes out swinging
|
Batting: RHB Andy Carrell
|
0-0: Ball 1-0: Called Strike 1-1: Ball 2-1: Ball 3-1: Base on Balls
|
Batting: SHB Duri Chilemba
|
0-0: Called Strike 0-1: Ball 1-1: Ball 2-1: Swinging Strike 2-2: Grounds into double play, 6-4-3 (Groundball, 6, EV 89.4 MPH)
|
Top of the 5th over - 0 runs, 0 hits, 0 errors, 0 left on base; Brooklyn 1 - Cincinnati (NYP) 1 |
BOTTOM OF THE 5TH |
Cincinnati (NYP) Reds batting - Pitching for Brooklyn Cyclones : RHP Andy Carrell
|
Pitching: RHP Andres Burgos
|
|
Batting: RHB John Hopkins
|
0-0: Ball 1-0: Ball 2-0: Swinging Strike 2-1: Ball 3-1: Called Strike 3-2: Foul Ball, location: 2F 3-2: Base on Balls
|
Batting: RHB Cyd Carver
|
0-0: Called Strike 0-1: Called Strike 0-2: Ball John Hopkins is caught stealing 2nd base 2-4 1-2: Foul Ball, location: 2F 1-2: Strikes out swinging
|
Batting: LHB Jamie Spangenberg
|
0-0: Fly out, F2 (Popup, 3SF, EV 66.9 MPH)
|
Bottom of the 5th over - 0 runs, 0 hits, 0 errors, 0 left on base; Brooklyn 1 - Cincinnati (NYP) 1 |
TOP OF THE 6TH |
Brooklyn Cyclones batting - Pitching for Cincinnati (NYP) Reds : LHP Davy Thorne
|
Batting: SHB Callum Lynch
|
0-0: Fly out, F3 (Popup, 3D, EV 65.0 MPH)
|
Batting: RHB Pete Orban
|
0-0: Called Strike 0-1: Called Strike 0-2: Strikes out swinging
|
Batting: RHB Omar Novoa
|
0-0: Called Strike 0-1: Ball 1-1: Ball 2-1: Fly out, F8 (Flyball, 8RS, EV 91.2 MPH)
|
Top of the 6th over - 0 runs, 0 hits, 0 errors, 0 left on base; Brooklyn 1 - Cincinnati (NYP) 1 |
BOTTOM OF THE 6TH |
Cincinnati (NYP) Reds batting - Pitching for Brooklyn Cyclones : RHP Andres Burgos
|
Batting: LHB Matt Kennedy
|
0-0: Swinging Strike 0-1: Ball 1-1: Ball 2-1: Ball 3-1: Ground out U3 (Groundball, 3, EV 80.0 MPH)
|
Batting: LHB Leo Gomez
|
0-0: Ball 1-0: Foul Ball, location: 2F 1-1: Called Strike 1-2: Fly out, F4 (Popup, 4, EV 60.0 MPH)
|
Batting: RHB Sang-ton Pak
|
0-0: Ball 1-0: Ball 2-0: Ball 3-0: Called Strike 3-1: Ground out 4-3 (Groundball, 4S, EV 85.0 MPH)
|
Bottom of the 6th over - 0 runs, 0 hits, 0 errors, 0 left on base; Brooklyn 1 - Cincinnati (NYP) 1 |
TOP OF THE 7TH |
Brooklyn Cyclones batting - Pitching for Cincinnati (NYP) Reds : LHP Davy Thorne
|
Batting: RHB Matt Tittle
|
0-0: Called Strike 0-1: Ball 1-1: Swinging Strike 1-2: Strikes out swinging
|
Batting: RHB Chris Pynn
|
0-0: Ball 1-0: Ball 2-0: Foul Ball, location: 2F 2-1: Ball 3-1: Base on Balls
|
Batting: RHB Tom Primmer
|
0-0: Ball 1-0: Foul Ball, location: 2F 1-1: Called Strike 1-2: Ground out 5-3 (Groundball, 5S, EV 68.1 MPH) Chris Pynn to second
|
Pitching: RHP Vic Flores
|
|
Pinch Hitting: RHB Jayden Copeland
|
0-0: Ball 1-0: Called Strike 1-1: Foul Ball, location: 2F 1-2: Strikes out swinging
|
Top of the 7th over - 0 runs, 0 hits, 0 errors, 1 left on base; Brooklyn 1 - Cincinnati (NYP) 1 |
BOTTOM OF THE 7TH |
Cincinnati (NYP) Reds batting - Pitching for Brooklyn Cyclones : RHP Andres Burgos
|
Now at 1B: Jayden Copeland
|
|
Batting: SHB Jaivata Mohanty
|
0-0: Ball 1-0: Called Strike 1-1: Swinging Strike 1-2: Strikes out looking
|
Batting: RHB Ben Hinman
|
0-0: Ball 1-0: Ball 2-0: Ball 3-0: Called Strike 3-1: Base on Balls
|
Batting: RHB Tim Walter
|
0-0: Ground out 5-3 (Groundball, 15, EV 87.5 MPH) Ben Hinman to second
|
Batting: LHB Jeremy Robertson
|
0-0: Intentional Walk
|
Pinch Runner at 2nd Jake Savell:
|
|
Pinch Hitting: LHB Matthew Berry
|
0-0: Ball 1-0: Swinging Strike 1-1: Fielders Choice at 2nd, U4 (Groundball, 4M, EV 83.8 MPH)
|
Bottom of the 7th over - 0 runs, 0 hits, 0 errors, 2 left on base; Brooklyn 1 - Cincinnati (NYP) 1 |
TOP OF THE 8TH |
Brooklyn Cyclones batting - Pitching for Cincinnati (NYP) Reds : RHP Vic Flores
|
Now at 1B: John Galluzzo
|
|
Now at SS: Juan Zamora
|
|
Batting: RHB Andy Carrell
|
0-0: Called Strike 0-1: Called Strike 0-2: Ground out 6-3 (Groundball, 6, EV 90.6 MPH)
|
Pinch Hitting: LHB Jeremy DiGenova
|
0-0: Called Strike 0-1: Ground out 4-3 (Groundball, 4, EV 88.8 MPH)
|
Batting: SHB Callum Lynch
|
0-0: Ball 1-0: Foul Ball, location: 2F 1-1: Called Strike 1-2: Strikes out swinging
|
Top of the 8th over - 0 runs, 0 hits, 0 errors, 0 left on base; Brooklyn 1 - Cincinnati (NYP) 1 |
BOTTOM OF THE 8TH |
Cincinnati (NYP) Reds batting - Pitching for Brooklyn Cyclones : RHP Andres Burgos
|
Now at SS: Jack Nickleberry
|
|
Batting: LHB Jamie Spangenberg
|
0-0: Ball 1-0: Called Strike 1-1: Called Strike 1-2: Foul Ball, location: 2F 1-2: Foul Ball, location: 2F 1-2: Foul Ball, location: 2F 1-2: Fly out, F9 (Flyball, 9D, EV 88.1 MPH)
|
Batting: LHB Matt Kennedy
|
0-0: Ball 1-0: Ground out 6-3 (Groundball, 6, EV 101.9 MPH)
|
Batting: LHB Leo Gomez
|
0-0: Called Strike 0-1: SINGLE (Groundball, 34D, EV 104.4 MPH)
|
Pitching: RHP Amare Golden
|
|
Pinch Hitting: SHB Kristian Kristensen
|
0-0: Called Strike 0-1: Ball Leo Gomez steals 2nd base 1-1: Foul Ball, location: 2F 1-2: Ball 2-2: Foul Ball, location: 2F 2-2: Strikes out swinging
|
Bottom of the 8th over - 0 runs, 1 hit, 0 errors, 1 left on base; Brooklyn 1 - Cincinnati (NYP) 1 |
TOP OF THE 9TH |
Brooklyn Cyclones batting - Pitching for Cincinnati (NYP) Reds : RHP Vic Flores
|
Now at C: Tim Utz
|
|
Batting: RHB Pete Orban
|
0-0: Called Strike 0-1: Foul Ball, location: 2F 0-2: Foul Ball, location: 2F 0-2: Ball 1-2: Foul Ball, location: 2F 1-2: Ball 2-2: Foul Ball, location: 2F 2-2: Strikes out swinging
|
Pinch Hitting: LHB Miguel Ramos
|
0-0: Ball 1-0: Called Strike 1-1: Foul Ball, location: 2F 1-2: Foul Ball, location: 2F 1-2: Foul Ball, location: 2F 1-2: Strikes out swinging
|
Pinch Hitting: SHB Evan Armagost
|
0-0: Called Strike 0-1: Ball 1-1: Ball 2-1: Fly out, F6 (Line Drive, 6, EV 70.0 MPH)
|
Top of the 9th over - 0 runs, 0 hits, 0 errors, 0 left on base; Brooklyn 1 - Cincinnati (NYP) 1 |
BOTTOM OF THE 9TH |
Cincinnati (NYP) Reds batting - Pitching for Brooklyn Cyclones : RHP Amare Golden
|
Pitching: LHP Keith Noftall
|
|
Now at 2B: Evan Armagost
|
|
Now at 3B: Trent Hood
|
|
Batting: SHB Jaivata Mohanty
|
0-0: Ball 1-0: Called Strike 1-1: Foul Ball, location: 2F 1-2: Ground out 4-3 (Groundball, 4, EV 109.4 MPH)
|
Batting: RHB Juan Zamora
|
0-0: Called Strike 0-1: Ball 1-1: Ground out 4-3 (Groundball, 4, EV 105.0 MPH)
|
Batting: RHB Tim Walter
|
0-0: Called Strike 0-1: Ball 1-1: Called Strike 1-2: Foul Ball, location: 2F 1-2: Ball 2-2: Ball 3-2: Base on Balls
|
Batting: LHB Jeremy Robertson
|
0-0: Called Strike 0-1: Swinging Strike 0-2: Ball Tim Walter steals 2nd base 1-2: Ball 2-2: Strikes out swinging, 2-3 out at first.
|
Bottom of the 9th over - 0 runs, 0 hits, 0 errors, 1 left on base; Brooklyn 1 - Cincinnati (NYP) 1 |
TOP OF THE 10TH |
Brooklyn Cyclones batting - Pitching for Cincinnati (NYP) Reds : RHP Vic Flores
|
Pitching: RHP Taneo Kobayashi
|
|
Pinch Hitting: SHB Chris Keziah
|
0-0: Ball 1-0: Swinging Strike 1-1: Ball 2-1: Called Strike 2-2: Strikes out swinging
|
Pinch Hitting: SHB Salvador Gomez
|
0-0: Ball 1-0: Swinging Strike 1-1: Foul Ball, location: 2F 1-2: Foul Ball, location: 2F 1-2: Strikes out swinging
|
Pitching: RHP Jesus Gallegos
|
|
Batting: RHB Jayden Copeland
|
0-0: Ground out U3 (Groundball, 34S, EV 87.5 MPH)
|
Top of the 10th over - 0 runs, 0 hits, 0 errors, 0 left on base; Brooklyn 1 - Cincinnati (NYP) 1 |
BOTTOM OF THE 10TH |
Cincinnati (NYP) Reds batting - Pitching for Brooklyn Cyclones : LHP Keith Noftall
|
Now at C: Mike Patterson
|
|
Now in LF: Luis Garcia
|
|
Batting: RHB John Galluzzo
|
0-0: Ball 1-0: Foul Ball, location: 2F 1-1: Ball 2-1: Fly out, F4 (Line Drive, 4, EV 67.5 MPH)
|
Pinch Hitting: RHB Andy Bachman
|
0-0: Called Strike 0-1: Ball 1-1: Foul Ball, location: 2F 1-2: Fly out, F9 (Line Drive, 89M, EV 93.1 MPH)
|
Batting: LHB Matt Kennedy
|
0-0: Foul Ball, location: 2F 0-1: Ball 1-1: Swinging Strike 1-2: Ball 2-2: Ball 3-2: Base on Balls
|
Pitching: RHP Marko Martin
|
|
Batting: LHB Leo Gomez
|
0-0: 2-RUN HOME RUN (Flyball, 9D, EV 99.4 MPH), Distance : 376 ft
|
Bottom of the 10th over - 2 runs, 1 hit, 0 errors, 0 left on base; Brooklyn 1 - Cincinnati (NYP) 3 |
|